AoeStats
← Ardino18

Arena

504557893Analyzed
3v3 RM · 26d ago on Sep 5, 2026· 36m 44s· 6 players
Game mode
Random Map
Map size
Normal (6 player)
Population
200
Speed
Normal
Resources
Standard
Victory
Conquest
Starting age
Dark Age
Ending age
Imperial Age
RankedLock teamsTeams togetherTeam positionsShared explorationLock speedFull tech treeHidden civsTurbo modeCheats
Victory
Defeat
🇹🇷 Turks · Türkiye
1057
+11
🇹🇷 Ethiopians · Türkiye
1009
+13
🇹🇷 Slavs · Türkiye
841
+21
🇩🇪 Poles · Germany
981
-16
🇳🇱 Hindustanis · Netherlands
946
-15
🇹🇷 Lithuanians · Türkiye
915
-14
[AoS] jOhNChiLLy
4:44 Loom
10:37 Feudal Age
12:26 Double-Bit Axe
15:50 Forging
20:01 Castle Age
17:45 Horse Collar
19:03 Scale Barding Armor
24:51 Bow Saw
26:20 Iron Casting
26:29 Fletching
26:40 Padded Archer Armor
31:45 Elite Skirmisher
32:27 Bodkin Arrow
33:27 Thumb Ring
33:52 Ballistics
34:43 Leather Archer Armor
35:45 Husbandry
Dovahkiin
10:17 Feudal Age
11:38 Town Watch
14:16 Castle Age
14:29 Horse Collar
14:36 Double-Bit Axe
17:39 Loom
19:15 Heavy Plow
21:27 Bow Saw
25:08 Husbandry
25:50 Bloodlines
28:02 Devotion
30:19 Padded Archer Armor
30:10 Fletching
[AoS] SenolMurat
8:17 Loom
10:39 Feudal Age
15:33 Castle Age
13:25 Double-Bit Axe
18:12 Bow Saw
22:10 Horse Collar
26:21 Gold Mining
29:41 Imperial Age
27:52 Wheelbarrow
29:12 Squires
28:57 Arson
29:17 Scale Mail Armor
29:27 Forging
31:27 Hand Cart
31:30 Chain Mail Armor
35:03 Plate Mail Armor
35:08 Iron Casting
e4gl3
0:27 Loom
10:02 Feudal Age
10:32 Double-Bit Axe
10:36 Horse Collar
18:05 Castle Age
17:29 Stone Mining
21:15 Gold Mining
24:11 Elite Skirmisher
27:27 Imperial Age
25:43 Stone Shaft Mining
27:26 Gold Shaft Mining
28:58 Padded Archer Armor
28:49 Fletching
29:45 Elite Skirmisher
32:18 Leather Archer Armor
31:59 Bodkin Arrow
34:00 Thumb Ring
34:00 Crossbowman
35:44 Arbalester
36:31 Arbalester
Pooh1818
10:39 Feudal Age
13:43 Double-Bit Axe
16:04 Castle Age
15:00 Gold Mining
20:13 Imperial Age
18:36 Gold Mining
20:51 Bow Saw
22:00 Fletching
22:55 Horse Collar
23:53 Gold Shaft Mining
28:04 Thumb Ring
28:47 Padded Archer Armor
30:11 Bodkin Arrow
31:13 Leather Archer Armor
32:06 Stone Mining
32:37 Bracer
34:26 Bloodlines
34:52 Ring Archer Armor
35:45 Husbandry
Ardino18
3:23 Loom
12:06 Feudal Age
13:14 Double-Bit Axe
13:10 Horse Collar
18:52 Gold Mining
24:15 Castle Age
22:42 Man-at-Arms
24:02 Stone Mining
24:38 Forging
24:28 Scale Mail Armor
24:35 Scale Barding Armor
25:46 Gold Shaft Mining
25:48 Long Swordsman
26:31 Squires
26:58 Bow Saw
26:50 Heavy Plow
28:28 Iron Casting
28:08 Chain Mail Armor
28:26 Chain Barding Armor
Connection lost

Rejoining the realm…

Still unreachable

The connection could not be restored.

Session expired

The server has moved on; the page needs a fresh start.